 Dungeon Sprint DCSS version 0.31-a0-37-g98a128e1d9 (webtiles) character file.

Game seed: 18096417856735635938

537 sircluck the Grappler (level 7, -2/79 HPs)
             Began as a Troll Berserker on May 15, 2023.
             Was a Believer of Trog.
             Slain by a rime drake (6 damage)
             ... in the Dungeon (Sprint VII: "The Pits").
             The game lasted 00:00:34 (82 turns).

sircluck the Grappler (Troll Berserker)               Turns: 82, Time: 00:00:34

Health: -2/79      AC:  4    Str: 28    XL:     7   Next: 5%
Magic:  6/6        EV: 11    Int:  3    God:    Trog [**....]
Gold:   0          SH:  0    Dex:  9    Spells: 6/6 levels left

rFire   . .          .
                       - Unarmed
rCold   . . .        (no shield)
rNeg    . . .        a - +0 animal skin
rPois   .            (helmet restricted)
rElec   .            (no cloak)
rCorr   .            (gloves unavailable)
SInv    .            (boots unavailable)
Will    .....        (no amulet)
Stlth   +            (no ring)
HPRegen 1.13/turn    (no ring)
MPRegen 0.10/turn

%: no teleportation
@: frozen, on berserk cooldown, slowed, very slow
A: large, unfitting armour, claws 3, regeneration 1, shaggy fur 1, tough skin 1
a: Renounce Religion, Berserk, Trog's Hand


You were in the Dungeon.
You worshipped Trog.
Trog was pleased with you.
You visited 1 branch

Inventory:

Armour
 a - a +0 animal skin (worn)
Scrolls
 g - a scroll of blinking
Potions
 b - a potion of curing
 c - a potion of heal wounds
 d - a potion of haste
 e - 2 potions of magic
 f - a potion of berserk rage


   Skills:
 + Level 7.8 Fighting
 + Level 7.6 Dodging
 + Level 9.5 Unarmed Combat


You had 6 spell levels left.
You didn't know any spells.
Your spell library was empty.

Dungeon Overview and Level Annotations

Branches:
Dungeon (1/1)

Altars:


Innate Abilities, Weirdness & Mutations

You are too large for most types of armour.
You have claws for hands.
Your natural rate of healing is unusually fast.
You are covered in fur. (AC +1)
You have tough skin. (AC +1)


Message History

You barely miss the snapping turtle.
The snapping turtle is lightly wounded.
The gnoll closely misses you.
You claw the snapping turtle!
The snapping turtle is moderately wounded.
The snapping turtle bites you!
You claw the snapping turtle! Your claw misses the snapping turtle.
The snapping turtle is severely wounded.
The gnoll hits you from afar with a +0 spear.
You barely miss the snapping turtle.
The snapping turtle is severely wounded.
The snapping turtle bites you but does no damage.
You scratch the snapping turtle but do no damage.
The snapping turtle is severely wounded.
The gnoll hits you but does no damage.
You mangle the snapping turtle!!
You kill the snapping turtle!
Trog accepts your kill.
The gnoll hits you from afar with a +0 spear.
Your Dodging skill increases to level 7!
Your Unarmed Combat skill increases to level 9!
You have reached level 7!
You scratch the gnoll.
The gnoll is moderately wounded.
You completely miss the gnoll.
The gnoll is moderately wounded.
You are no longer berserk.
You are exhausted.
You feel yourself slow down.
The gnoll hits you from afar with a +0 spear.
* * * LOW HITPOINT WARNING * * *
You closely miss the rime drake. The rime drake breathes ice at you.
The icy flash freeze hits you!
* * * LOW HITPOINT WARNING * * *
You are encased in ice.
The gnoll hits you with a +0 flail!
* * * LOW HITPOINT WARNING * * *
The rime drake bites you.
You die...

#......#..#......#
#................#
####'#####''######
#.......##†'#####
#.......##..)...+
#.......##......+
#...<...##.....##
#.......##...###
#.......##.@##
#.......##gk#
##########.gg..S...
#++#go.#.. #.....
##... .. .


You could see a rime drake (catching breath), a gnoll bouda and 3 gnolls.

Vanquished Creatures
  A cane toad (D)
  A snapping turtle (D)
  A centaur (D)
  A hound (D)
4 creatures vanquished.

Notes
Turn   | Place    | Note
-------+----------+-------------------------------------------
     0 | D        | sircluck the Troll Berserker began the quest for the Orb.
     0 | D        | Reached XP level 1. HP: 22/22 MP: 0/0
    11 | D        | Noticed a centaur
    11 | D        | Noticed a cane toad
    16 | D        | Killed a cane toad
    17 | D        | Reached skill level 7 in Unarmed Combat
    17 | D        | Reached XP level 2. HP: 25/37 MP: 1/1
    17 | D        | Reached XP level 3. HP: 31/45 MP: 2/2
    17 | D        | Reached XP level 4. HP: 37/53 MP: 3/3
    17 | D        | Reached XP level 5. HP: 42/61 MP: 4/4
    19 | D        | Killed a centaur
    20 | D        | Reached skill level 8 in Unarmed Combat
    20 | D        | Reached XP level 6. HP: 46/71 MP: 5/5
    59 | D        | Noticed a snapping turtle
    62 | D        | Reached ** piety under Trog
    63 | D        | Noticed a rime drake
    69 | D        | Noticed a black mamba
    78 | D        | Killed a snapping turtle
    79 | D        | Reached skill level 9 in Unarmed Combat
    79 | D        | Reached XP level 7. HP: 38/79 MP: 6/6
    82 | D        | Slain by a rime drake

Illustrated notes

Levels and vault maps discovered:
D:        pitsprint [storerooms_1, entrance_room_1, metal_vault_4, armoury_2,
          mini_pit_1, grid_room_1, main_hall_1, silver_pit, the_coven_1,
          the_vestibule_1, steel_vault_4, golden_pit, hallway_of_sentries,
          crystal_vault_1, iron_vault_4, final_vault]

Skill      XL: |  1  2  3  4  5  6 |
---------------+-------------------+-----
Fighting       | 6 7 |  7.8
Dodging        | 6 7 |  7.6
Unarmed Combat | 7 8 9 |  9.5

Action                     |  1- 3 |  4- 6 |  7- 9 || total
---------------------------+-------+-------+-------++-------
  Melee: Unarmed           |     2 |    19 |     3 ||    24
         Punch             |     2 |       |       ||     2
 Invoke: Berserk           |     1 |     1 |       ||     2
 Armour: Animal skin       |       |     3 |       ||     3
  Dodge: Dodged            |     1 |     9 |       ||    10

Table legend: (Time is in decaauts)
 A = Elapsed time spent in this place.
 B = Non-inter-level travel time spent in this place.
 C = Inter-level travel time spent in this place.
 D = Time resting spent in this place.
 E = Time spent auto-exploring this place.
 F = Levels seen in this place.
 G = Mean time per level.
                   A        B        C        D        E       F      G
               +--------+--------+--------+--------+--------+-----+--------+
         Total |     82 |     82 |      0 |     41 |     11 |   1 |   82.0 |
       Dungeon |     82 |     82 |      0 |     41 |     11 |   1 |   82.0 |
               +--------+--------+--------+--------+--------+-----+--------+

Top non-repeatable levels by time:
       D: 82 daAuts
